 Dungeon Crawl Stone Soup version 0.31-a0-210-gccc998df9b (webtiles) character file.

Game seed: 2606250748310345507

100229 qw the Severer (level 16, -1/104 HPs)
             Began as a Gargoyle Fighter on June 29, 2023.
             Was a High Priest of Okawaru.
             Slain by an orc warrior
             ... wielding a +2 flail of protection
              (4 damage)
             ... on level 2 of the Orcish Mines.
             The game lasted 00:14:32 (21172 turns).

qw the Severer (Gargoyle Fighter)                  Turns: 21172, Time: 00:14:33

Health: -1/104     AC: 42    Str: 27    XL:     16   Next: 27%
Magic:  23/23      EV: 10    Int: 10    God:    Okawaru [*****.]
Gold:   1265       SH: 13    Dex: 10    Spells: 15/15 levels left

rFire   + . .        w - +8 war axe (drain)
rCold   . . .        p - +0 kite shield
rNeg    + . .        b - +1 plate armour
rPois   inf          o - +2 helmet of Ajinot {Regen+ Dex+3 Stlth+}
rElec   +            z - +0 cloak
rCorr   .            v - +2 pair of gloves
SInv    +            F - +0 pair of boots
Will    ++...        f - amulet of faith Stlth
                     k - ring of see invisible
HPRegen 1.17/turn    q - ring "Esod" {rF+ Will+}
MPRegen 0.18/turn

%: faith
@: about to teleport, heroic, flying
A: sickness immunity, AC +12, big wings, negative energy resistance 1,
electricity resistance, torment resistance 1, petrification resistance, clumsy 1
a: Renounce Religion, Heroism, Finesse, Duel


You were on level 2 of the Orcish Mines.
You worshipped Okawaru.
Okawaru was extremely pleased with you.
You visited 4 branches of the dungeon, and saw 23 of its levels.
You also visited: Gauntlet.

You collected 2569 gold pieces.
You spent 1304 gold pieces at shops.


Innate Abilities, Weirdness & Mutations

You are immune to sickness and miasma.
Your stone body is resilient. (AC +12)
You are immune to poison.
Your large and strong wings let you fly.
You resist negative energy. (rN+)
You are resistant to electric shocks. (rElec)
You are resistant to unholy torment.
You are immune to petrification.
You are clumsy. (Dex -2)


   Skills:
 - Level 13.0(18.0) Fighting
 - Level 16.0(21.0) Axes
 + Level 5.9(10.9) Throwing
 - Level 13.0(18.0) Armour
 - Level 4.0(9.0) Dodging
 - Level 13.1(18.1) Shields
 - Level 10.0 Invocations


You had 15 spell levels left.
You didn't know any spells.
Your spell library was empty.

Inventory:

Hand Weapons
 s - the +6 morningstar of Certain Death {spect, rPois SInv}
   (You took it off a minotaur in a Gauntlet)

   rPois:     It protects you from poison.
   SInv:      It lets you see invisible.
 w - a +8 war axe of draining (weapon)
 C - a +0 broad axe
Missiles
 x - 4 boomerangs (quivered)
 A - a javelin
Armour
 b - a +1 plate armour (worn)
 o - the +2 helmet of Ajinot (worn) {Regen+ Dex+3 Stlth+}
   (You found it on level 3 of the Dungeon)

   Dex:       It affects your dexterity (+3).
   Regen:     It increases your rate of health regeneration.
   Stlth:     It makes you more stealthy.
 p - a +0 kite shield (worn)
 v - a +2 pair of gloves (worn)
 z - a +0 cloak (worn)
 E - +0 ice dragon scales
 F - a +0 pair of boots (worn)
Jewellery
 f - an amulet of faith (around neck)
 k - a ring of see invisible (left hand)
 l - the ring "Arghyoh" {rElec MP+9 Str+2}
   (You found it in a Gauntlet)

   [ring of magical power]

   Str:       It affects your strength (+2).
   rElec:     It insulates you from electricity.
   MP:        It affects your magic capacity (+9).
 q - the ring "Esod" (right hand) {rF+ Will+}
   (You found it in a Gauntlet)

   [ring of protection from fire]

   rF:        It protects you from fire.
   Will:      It increases your willpower.
 u - a +6 ring of dexterity
 y - the amulet of Giece {Reflect Will+ Str+2 SH+5}
   (You found it on level 5 of the Lair of Beasts)

   [amulet of reflection]

   It reflects blocked missile attacks.
   Str:       It affects your strength (+2).
   SH:        It affects your SH (+5).
   Will:      It increases your willpower.
 Y - a ring of protection from fire
Wands
 j - a wand of digging (4)
Scrolls
 a - 16 scrolls of identify
 c - a scroll of teleportation
Potions
 d - 3 potions of might
 e - 4 potions of cancellation
 g - 6 potions of lignification
 h - 3 potions of enlightenment
 i - 4 potions of haste
 m - 8 potions of curing
 n - a potion of magic
 r - 4 potions of resistance
 t - a potion of heal wounds
 B - a potion of mutation
 D - 2 potions of attraction

Dungeon Overview and Level Annotations

Branches:
Dungeon (15/15)            Temple (1/1) D:4            Lair (5/5) D:8
  Swamp (0/4) Lair:3       Spider (0/4) Lair:2        Slime (0/5) Lair:4
    Orc (2/2) D:12            Elf (0/3) Orc:2        Vaults (0/5) D:13
 Depths (0/4) D:15        Gauntlet (visited)

Altars:
Ashenzari
Cheibriados
Dithmenos
Elyvilon
Fedhas
Gozag
Hepliaklqana
Kikubaaqudgha
Makhleb
Nemelex Xobeh
Okawaru
Qazlal
Ru
Sif Muna
Trog
Uskayaw
Vehumet
Wu Jian
Xom
Yredelemnul
Zin
The Shining One
Jiyva

Shops:
D:1 (   D:4 *   D:5 =   D:9 (!!   Orc:2 [

Portals:
Trove: D:15 (give horn of Geryon)

Annotations:
D:8 2 transporters
D:10 2 transporters, 4 runed translucent doors


Message History

You kill the neqoxec!
The neqoxec disappears in a puff of smoke!
You hit the orc warrior but do no damage.
You drain the orc warrior. You slash the orc knight! You drain the orc knight.
You closely miss the orc warrior. You hit the smoke demon.
You slash the orc high priest! You drain the orc high priest.
The orc knight hits you with a +0 battleaxe!!
The orc warrior unwields a +2 halberd of venom.
It stops dripping with poison.
The orc warrior wields a +0 arbalest.
The orc warrior shoots a bolt.
The bolt barely misses you.
The bolt hits the orc warrior but does no damage.
You block the orc warrior's attack.
An orc high priest comes into view. It is wielding a +0 mace.
You block the orc warrior's attack. x2
The smoke demon hits you but does no damage. x2
You block the smoke demon's attack.
The orc high priest shouts!
You slice the orc high priest!!
You kill the orc high priest!
Okawaru accepts your kill.
The smoke demon disappears in a puff of smoke!
You closely miss the orc warrior. You hit the orc warrior.
You drain the orc warrior. You slice the orc knight!! You drain the orc knight.
You hit the orc warrior. You drain the orc warrior. You hit the orc knight.
You drain the orc knight.
You hear a shout!
The orc knight hits you with a +0 battleaxe.
The orc warrior barely misses you.
The orc knight hits you with a +0 battleaxe!
The orc warrior hits you but does no damage.
You block the orc warrior's attack.
The orc high priest invokes the aid of Beogh against you.
Beogh smites you! The orc warrior misses you.
The orc priest curses repeatedly.
Your base Armour skill increases to level 13!
21172 ||| READING 2 scrolls of teleportation.
As you read the scroll of teleportation, it crumbles to dust.
You feel strangely unstable.
The orc warrior hits you with a +2 flail of protection.
You die...

####### ....## ###.....##
......## ###.........
........## ##.........).
.........###............
.#o#.#.#.#.#.#.#.#.#.#.#
....ooo.............)...
....ooo¤o#.#............
o...ooo@)..............)
.#.#o#o#o#.#.#.#.#.#.#.#
....o###..........))
......## ##..........)
......## ##......... ....##
###.....## #### ######
##########################
###
##.#...............#..#...#


You could see 2 orc knights, 2 orc high priests, 9 orc warriors, an orc priest
(strong) and 2 orcs.

Vanquished Creatures
  Gastronok (Lair:2)
  A vampire knight (D:12)
  A dire elephant (Lair:2)
  A minotaur (Gauntlet)
  An ettin (Orc:1)
  A yaktaur captain (D:12)
  Josephine (D:14)
  A rakshasa (D:14)
  9 hydras
  3 vault guards (D:13)
  2 ice dragons (D:15)
  A death knight (D:15)
  4 catoblepae
  7 two-headed ogres
  4 boulder beetles
  4 centaur warriors
  3 tengu warriors (D:15)
  7 death yaks (Lair:5)
  2 orc high priests (Orc:2)
  2 skysharks
  5 skeletal warriors (D:14)
  A death drake (Gauntlet)
  A flayed ghost (D:12)
  4 deep elf pyromancers
  4 orc knights (Orc:2)
  3 necromancers (D:13)
  A manticore (shapeshifter) (D:12)
  5 cyclopes
  4 ugly things
  4 manticores
  A spectral centaur (Gauntlet)
  A centaur zombie (Gauntlet)
  19 elephants
  A gargoyle (D:12)
  6 black mambas
  2 torpor snails
  An unseen horror (shapeshifter) (D:15)
  7 rime drakes
  3 efreet
  3 tengu conjurers (D:15)
  15 cane toads
  8 komodo dragons
  5 trolls
  2 polar bears (Lair:2)
  A hornet (shapeshifter) (D:13)
  3 hornets
  A wind drake (shapeshifter) (D:15)
  19 blink frogs
  A meliai zombie (Gauntlet)
  11 dream sheep (Lair:5)
  7 slime creatures
  32 yaks
  A spriggan (Lair:2)
  6 wraiths
  6 shadows
  3 wyverns
  2 vampires
  18 humans (D:13)
  5 basilisks
  7 vampire mosquitoes
  2 steam dragons
  An acid dragon (D:10)
  21 water moccasins
  7 ice beasts
  22 orc warriors
  A meliai simulacrum (D:15)
  A hornet zombie (Gauntlet)
  4 black bears
  5 ogres
  14 wolves
  7 centaurs
  13 bullfrogs
  A kobold brigand (D:9)
  2 gnoll sergeants
  5 scorpions
  5 wights (D:10)
  8 killer bees
  2 electric eels
  6 howler monkeys
  5 jellies
  26 orc priests
  A gnoll bouda (Orc:1)
  2 sleepcaps (D:4)
  Jessica (D:2)
  24 orc wizards
  Natasha (twice) (D:2)
  4 iguanas
  11 gnolls
  4 adders
  A shadow imp (D:5)
  14 white imps
  3 ufetubi
  3 worms
  6 dart slugs
  83 orcs
  4 bats
  9 endoplasms
  4 giant cockroaches
  8 goblins
  6 hobgoblins
  4 jackals
  6 quokkas
  8 ball pythons
  A frilled lizard (D:3)
  14 kobolds
  6 rats
  2 butterflies (Lair:1)
  A spectral weapon (Gauntlet)
675 creatures vanquished.

Notes
Turn   | Place    | Note
-------+----------+-------------------------------------------
     0 | D:1      | qw the Gargoyle Fighter began the quest for the Orb.
     0 | D:1      | Reached XP level 1. HP: 14/14 MP: 1/1
     0 | D:1      | 0 ||| qw: Version: 0.3-a-24-ga2abf7b
     0 | D:1      | 0 ||| qw: Game counter: 6943
     0 | D:1      | 0 ||| qw: Melee chars always use a shield: true
     0 | D:1      | 0 ||| qw: God list: Okawaru
     0 | D:1      | 0 ||| qw: Allow faded altars: false
     0 | D:1      | 0 ||| qw: Do Orc after clearing Dungeon:15 true
     0 | D:1      | 0 ||| qw: Do second Lair branch before Depths: true
     0 | D:1      | 0 ||| qw: Lair rune preference: random
     0 | D:1      | 0 ||| qw: Goals: Normal, Zot:1-4, Slime:5, God:TSO, Crypt,
                  | Tomb, Abyss, Pan, Hells, Win
     0 | D:1      | 0 ||| PLANNING D:1-11
    31 | D:1      | Reached skill level 2 in Axes
    63 | D:1      | Reached XP level 2. HP: 14/19 MP: 2/2
   165 | D:1      | Found Ibrauk Mibirgh's Weapon Boutique.
   174 | D:1      | 174 ||| BUYING +0 mace (39 gold).
   174 | D:1      | Bought a +0 mace for 39 gold pieces
   180 | D:1      | 180 ||| Stepping ~*~*~tactically~*~*~ (stealth).
   207 | D:1      | 207 ||| Stepping ~*~*~tactically~*~*~ (hiding).
   292 | D:1      | Reached skill level 3 in Axes
   394 | D:1      | Reached XP level 3. HP: 23/23 MP: 3/3
   613 | D:1      | 613 ||| Stepping ~*~*~tactically~*~*~ (stealth).
   615 | D:1      | Found a faded altar of an unknown god.
   788 | D:1      | 788 ||| UPGRADING to amulet of faith.
   793 | D:1      | 793 ||| UPGRADING to ring of positive energy.
   794 | D:1      | 794 ||| UPGRADING to +6 ring of dexterity.
   795 | D:1      | 795 ||| READING 4 scrolls labelled ECZEHU SERE.
   796 | D:1      | 796 ||| READING scroll labelled JODOLA TOLURGH.
   797 | D:1      | 797 ||| READING scroll labelled ENTU JONKUA.
   798 | D:1      | 798 ||| DRINKING 2 glowing yellow potions.
   799 | D:1      | 799 ||| READING 3 scrolls of identify.
   799 | D:1      | 799 ||| IDENTIFYING fizzy brown potion
   842 | D:2      | 842 ||| Stepping ~*~*~tactically~*~*~ (stealth).
   927 | D:2      | Reached skill level 1 in Dodging
   932 | D:2      | 932 ||| Stepping ~*~*~tactically~*~*~ (stealth).
   933 | D:2      | 933 ||| Stepping ~*~*~tactically~*~*~ (stealth).
   934 | D:2      | 934 ||| Stepping ~*~*~tactically~*~*~ (stealth).
   937 | D:2      | 937 ||| Stepping ~*~*~tactically~*~*~ (stealth).
   938 | D:2      | 938 ||| Stepping ~*~*~tactically~*~*~ (stealth).
   963 | D:2      | Found a basalt altar of Yredelemnul.
  1098 | D:2      | Noticed Natasha
  1111 | D:2      | Killed Natasha
  1112 | D:2      | Reached XP level 4. HP: 11/28 MP: 4/4
  1339 | D:2      | Noticed Jessica
  1347 | D:2      | Killed Jessica
  1348 | D:2      | Reached skill level 4 in Axes
  1402 | D:2      | 1402 ||| READING 3 scrolls of identify.
  1402 | D:2      | 1402 ||| IDENTIFYING glowing orange potion
  1403 | D:2      | 1403 ||| READING 2 scrolls of identify.
  1403 | D:2      | 1403 ||| IDENTIFYING fuming brown potion
  1430 | D:2      | Noticed Natasha
  1432 | D:2      | 1432 ||| Stepping ~*~*~tactically~*~*~ (hiding).
  1433 | D:2      | 1433 ||| Stepping ~*~*~tactically~*~*~ (hiding).
  1441 | D:2      | Killed Natasha
  1442 | D:2      | Reached XP level 5. HP: 28/32 MP: 5/5
  1514 | D:3      | Identified the +2 helmet of Ajinot {Regen+ Dex+3 Stlth+}
  1853 | D:3      | 1853 ||| Stepping ~*~*~tactically~*~*~ (stealth).
  1854 | D:3      | 1854 ||| Stepping ~*~*~tactically~*~*~ (stealth).
  1855 | D:3      | 1855 ||| Stepping ~*~*~tactically~*~*~ (hiding).
  1861 | D:3      | Reached skill level 5 in Axes
  1975 | D:3      | Found a broken altar of Ashenzari.
  2107 | D:3      | Reached XP level 6. HP: 36/38 MP: 6/6
  2174 | D:3      | Found a shimmering blue altar of Sif Muna.
  2387 | D:3      | 2387 ||| UPGRADING to +2 helmet of Ajinot {Regen+ Dex+3
                  | Stlth+}.
  2392 | D:3      | 2392 ||| READING scroll labelled YDINKEOMOSM.
  2477 | D:4      | Found Hayteisi's General Store.
  2485 | D:4      | 2485 ||| SHOPLISTING +0 plate armour (276 gold, have 114).
  2485 | D:4      | 2485 ||| BUYING potion of cancellation (96 gold).
  2485 | D:4      | Bought a potion of cancellation for 96 gold pieces
  2485 | D:4      | 2485 ||| SHOPLISTING potion of curing (36 gold, have 18).
  2485 | D:4      | 2485 ||| SHOPLISTING scroll of enchant weapon (90 gold,
                  | have 18).
  2535 | D:4      | Identified the +1 robe of the Saviour {rPois}
  2598 | D:4      | 2598 ||| Stepping ~*~*~tactically~*~*~ (stealth).
  2732 | D:4      | 2732 ||| Stepping ~*~*~tactically~*~*~ (stealth).
  2780 | D:4      | 2780 ||| Stepping ~*~*~tactically~*~*~ (stealth).
  2782 | D:4      | 2782 ||| Stepping ~*~*~tactically~*~*~ (stealth).
  2784 | D:4      | 2784 ||| Stepping ~*~*~tactically~*~*~ (stealth).
  2915 | D:4      | 2915 ||| Stepping ~*~*~tactically~*~*~ (stealth).
  2917 | D:4      | 2917 ||| Stepping ~*~*~tactically~*~*~ (stealth).
  2919 | D:4      | 2919 ||| Stepping ~*~*~tactically~*~*~ (stealth).
  2999 | D:4      | 2999 ||| Stepping ~*~*~tactically~*~*~ (stealth).
  3000 | D:4      | 3000 ||| Stepping ~*~*~tactically~*~*~ (stealth).
  3002 | D:4      | 3002 ||| Stepping ~*~*~tactically~*~*~ (stealth).
  3004 | D:4      | 3004 ||| Stepping ~*~*~tactically~*~*~ (stealth).
  3011 | D:4      | 3011 ||| Stepping ~*~*~tactically~*~*~ (stealth).
  3015 | D:4      | Found a hazy altar of Hepliaklqana.
  3016 | D:4      | 3016 ||| Stepping ~*~*~tactically~*~*~ (hiding).
  3017 | D:4      | 3017 ||| Stepping ~*~*~tactically~*~*~ (stealth).
  3020 | D:4      | 3020 ||| DRINKING 5 potions of curing.
  3020 | D:4      | 3020 ||| (to cure confusion)
  3068 | D:4      | Found a radiant altar of Vehumet.
  3069 | D:4      | 3069 ||| Stepping ~*~*~tactically~*~*~ (stealth).
  3071 | D:4      | 3071 ||| Stepping ~*~*~tactically~*~*~ (stealth).
  3073 | D:4      | 3073 ||| Stepping ~*~*~tactically~*~*~ (stealth).
  3075 | D:4      | 3075 ||| Stepping ~*~*~tactically~*~*~ (stealth).
  3205 | D:4      | Found a staircase to the Ecumenical Temple.
  3206 | D:4      | 3206 ||| PLANNING TEMPLE
  3206 | D:4      | 3206 ||| Stepping ~*~*~tactically~*~*~ (stealth).
  3207 | D:4      | 3207 ||| READING 2 scrolls labelled OSUIVU XIQA.
  3208 | D:4      | 3208 ||| READING scroll labelled QELUGA XAMM.
  3209 | D:4      | 3209 ||| DRINKING 2 sedimented grey potions.
  3210 | D:4      | 3210 ||| READING 3 scrolls of identify.
  3210 | D:4      | 3210 ||| IDENTIFYING metallic silvery potion
  3211 | D:4      | 3211 ||| READING 2 scrolls of identify.
  3211 | D:4      | 3211 ||| IDENTIFYING lumpy amethyst potion
  3212 | D:4      | 3212 ||| DROPPING potion of invisibility.
  3213 | D:4      | 3213 ||| DROPPING scroll of amnesia.
  3215 | D:4      | 3215 ||| Stepping ~*~*~tactically~*~*~ (hiding).
  3217 | D:4      | 3217 ||| Stepping ~*~*~tactically~*~*~ (hiding).
  3218 | D:4      | 3218 ||| Stepping ~*~*~tactically~*~*~ (hiding).
  3219 | D:4      | 3219 ||| Stepping ~*~*~tactically~*~*~ (hiding).
  3220 | D:4      | 3220 ||| Stepping ~*~*~tactically~*~*~ (hiding).
  3221 | D:4      | 3221 ||| Stepping ~*~*~tactically~*~*~ (hiding).
  3257 | D:4      | 3257 ||| Stepping ~*~*~tactically~*~*~ (stealth).
  3258 | D:4      | 3258 ||| Stepping ~*~*~tactically~*~*~ (stealth).
  3260 | D:4      | 3260 ||| Stepping ~*~*~tactically~*~*~ (stealth).
  3276 | Temple   | Entered the Ecumenical Temple
  3302 | Temple   | 3302 ||| PLANNING D:1-11
  3433 | D:5      | Entered Level 5 of the Dungeon
  3445 | D:5      | Reached skill level 6 in Axes
  3445 | D:5      | Reached XP level 7. HP: 43/43 MP: 7/7
  3446 | D:5      | Identified the +0 leather armour of the Bespelling Gods
                  | {rF- Str+5}
  3495 | D:5      | Reached skill level 7 in Axes
  3610 | D:5      | 3610 ||| Stepping ~*~*~tactically~*~*~ (stealth).
  3615 | D:5      | 3615 ||| Stepping ~*~*~tactically~*~*~ (stealth).
  3634 | D:5      | Reached XP level 8. HP: 49/49 MP: 8/8
  3682 | D:5      | Found Sufics's Jewellery Shop.
  3688 | D:5      | 3688 ||| SHOPLISTING +5 ring of evasion (504 gold, have
                  | 119).
  3688 | D:5      | 3688 ||| SHOPLISTING amulet of regeneration (420 gold, have
                  | 119).
  3688 | D:5      | 3688 ||| SHOPLISTING ring of Zerch {rPois rF+ rC- rN+} (436
                  | gold, have 119).
  3688 | D:5      | 3688 ||| SHOPLISTING ring of protection from fire (350
                  | gold, have 119).
  3688 | D:5      | 3688 ||| SHOPLISTING ring of see invisible (210 gold, have
                  | 119).
  3856 | D:5      | Identified the +3 leather armour of Uskayaw's Reproof
                  | {rPois Regen+}
  3930 | D:5      | 3930 ||| DROPPING +0 leather armour of the Bespelling Gods
                  | {rF- Str+5}.
  3931 | D:5      | 3931 ||| UPGRADING to +3 leather armour of Uskayaw's
                  | Reproof {rPois Regen+}.
  3941 | D:5      | 3941 ||| DROPPING +0 scale mail.
  3942 | D:5      | 3942 ||| READING scroll labelled VICECA PEECH.
  3978 | D:6      | 3978 ||| Stepping ~*~*~tactically~*~*~ (stealth).
  3980 | D:6      | 3980 ||| Stepping ~*~*~tactically~*~*~ (stealth).
  4017 | D:6      | 4017 ||| Stepping ~*~*~tactically~*~*~ (stealth).
  4019 | D:6      | 4019 ||| Stepping ~*~*~tactically~*~*~ (stealth).
  4065 | D:6      | 4065 ||| Stepping ~*~*~tactically~*~*~ (stealth).
  4067 | D:6      | 4067 ||| Stepping ~*~*~tactically~*~*~ (stealth).
  4069 | D:6      | 4069 ||| Stepping ~*~*~tactically~*~*~ (stealth).
  4071 | D:6      | 4071 ||| Stepping ~*~*~tactically~*~*~ (stealth).
  4073 | D:6      | 4073 ||| Stepping ~*~*~tactically~*~*~ (stealth).
  4075 | D:6      | 4075 ||| Stepping ~*~*~tactically~*~*~ (stealth).
  4077 | D:6      | 4077 ||| Stepping ~*~*~tactically~*~*~ (stealth).
  4108 | D:6      | 4108 ||| Stepping ~*~*~tactically~*~*~ (stealth).
  4110 | D:6      | 4110 ||| Stepping ~*~*~tactically~*~*~ (stealth).
  4112 | D:6      | 4112 ||| Stepping ~*~*~tactically~*~*~ (hiding).
  4265 | D:6      | Reached skill level 8 in Axes
  4295 | D:6      | 4295 ||| Stepping ~*~*~tactically~*~*~ (stealth).
  4297 | D:6      | 4297 ||| Stepping ~*~*~tactically~*~*~ (stealth).
  4299 | D:6      | 4299 ||| Stepping ~*~*~tactically~*~*~ (stealth).
  4301 | D:6      | 4301 ||| Stepping ~*~*~tactically~*~*~ (stealth).
  4303 | D:6      | 4303 ||| Stepping ~*~*~tactically~*~*~ (stealth).
  4306 | D:6      | 4306 ||| Stepping ~*~*~tactically~*~*~ (hiding).
  4415 | D:6      | 4415 ||| Stepping ~*~*~tactically~*~*~ (stealth).
  4417 | D:6      | 4417 ||| Stepping ~*~*~tactically~*~*~ (stealth).
  4419 | D:6      | 4419 ||| Stepping ~*~*~tactically~*~*~ (stealth).
  4421 | D:6      | 4421 ||| Stepping ~*~*~tactically~*~*~ (stealth).
  4423 | D:6      | 4423 ||| Stepping ~*~*~tactically~*~*~ (stealth).
  4425 | D:6      | 4425 ||| Stepping ~*~*~tactically~*~*~ (stealth).
  4427 | D:6      | 4427 ||| Stepping ~*~*~tactically~*~*~ (stealth).
  4449 | D:6      | 4449 ||| DROPPING +0 mace.
  4463 | D:6      | Noticed a hornet
  4478 | D:6      | 4478 ||| Stepping ~*~*~tactically~*~*~ (stealth).
  4481 | D:6      | 4481 ||| Stepping ~*~*~tactically~*~*~ (stealth).
  4489 | D:6      | Killed a hornet
  4490 | D:6      | Reached skill level 6 in Fighting
  4500 | D:6      | Reached skill level 3 in Dodging
  4586 | D:6      | 4586 ||| Stepping ~*~*~tactically~*~*~ (stealth).
  4588 | D:6      | 4588 ||| Stepping ~*~*~tactically~*~*~ (hiding).
  4595 | D:6      | Reached XP level 9. HP: 56/56 MP: 9/9
  4602 | D:6      | 4602 ||| Stepping ~*~*~tactically~*~*~ (hiding).
  4886 | D:6      | 4886 ||| UPGRADING to +0 plate armour.
  4896 | D:6      | 4896 ||| DROPPING +3 leather armour of Uskayaw's Reproof
                  | {rPois Regen+}.
  4897 | D:6      | 4897 ||| READING scroll labelled COMAGGALAM.
  4898 | D:6      | 4898 ||| READING 3 scrolls of identify.
  4898 | D:6      | 4898 ||| IDENTIFYING grey potion
  4931 | D:7      | HP: 9/56 [steam dragon (7)]
  4932 | D:7      | 4932 ||| DRINKING potion of heal wounds.
  5005 | D:7      | 5005 ||| SWAPPING to +1 war axe of electrocution.
  5006 | D:7      | 5006 ||| DROPPING +1 war axe.
  5060 | D:7      | 5060 ||| READING scroll of enchant weapon.
  5060 | D:7      | 5060 ||| ENCHANTING +1 war axe of electrocution.
  5286 | D:7      | 5286 ||| Stepping ~*~*~tactically~*~*~ (hiding).
  5287 | D:7      | 5287 ||| Stepping ~*~*~tactically~*~*~ (hiding).
  5398 | D:7      | 5398 ||| DROPPING +0 flail.
  5421 | D:7      | 5421 ||| Stepping ~*~*~tactically~*~*~ (hiding).
  5423 | D:7      | 5423 ||| Stepping ~*~*~tactically~*~*~ (hiding).
  5618 | D:7      | 5618 ||| UPGRADING to +0 kite shield.
  5628 | D:7      | 5628 ||| DROPPING +0 buckler.
  5629 | D:7      | 5629 ||| READING scroll labelled UNOZOA MANKARCH.
  5630 | D:7      | 5630 ||| READING scroll labelled DYMIELU ZOLL.
  5631 | D:7      | 5631 ||| READING scroll labelled BESOVUGENT.
  5636 | D:7      | 5636 ||| READING scroll labelled ZEONWINNIPA.
  5645 | D:8      | 5645 ||| STAIRDANCE
  5676 | D:8      | 5676 ||| STAIRDANCE
  5777 | D:8      | Reached skill level 6 in Shields
  5801 | D:8      | 5801 ||| Stepping ~*~*~tactically~*~*~ (hiding).
  5812 | D:8      | 5812 ||| DRINKING 4 potions of curing.
  5812 | D:8      | 5812 ||| (to cure confusion)
  5821 | D:8      | 5821 ||| Stepping ~*~*~tactically~*~*~ (stealth).
  5829 | D:8      | Reached XP level 10. HP: 61/61 MP: 10/10
  5860 | D:8      | Found a stormy altar of Qazlal.
  5863 | D:8      | Found a burning altar of Makhleb.
  5866 | D:8      | Found an ancient bone altar of Kikubaaqudgha.
  5869 | D:8      | Found an iron altar of Okawaru.
  5870 | D:8      | 5870 ||| PLANNING OKAWARU WORSHIP
  5873 | D:8      | Became a worshipper of Warmaster Okawaru
  5874 | D:8      | 5874 ||| PLANNING D:1-11
  5904 | D:8      | Reached skill level 9 in Axes
  5910 | D:8      | Found an opulent altar of Gozag.
  5929 | D:8      | Found a transporter.
  5931 | D:8      | Found a transporter.
  5932 | D:8      | Noticed a boulder beetle
  5936 | D:8      | 5936 ||| READING scroll of enchant weapon.
  5936 | D:8      | 5936 ||| ENCHANTING +2 war axe of electrocution.
  5975 | D:8      | Found a staircase to the Lair.
  5986 | D:8      | Reached * piety under Okawaru
  6103 | D:8      | 6103 ||| Stepping ~*~*~tactically~*~*~ (stealth).
  6251 | D:8      | 6251 ||| PLANNING LAIR
  6251 | D:8      | 6251 ||| READING scroll labelled JUPTUK ED REO.
  6302 | Lair:1   | Entered Level 1 of the Lair of Beasts
  6305 | Lair:1   | Noticed an elephant
  6306 | Lair:1   | Noticed a black mamba
  6306 | Lair:1   | Noticed an elephant
  6306 | Lair:1   | Noticed an elephant
  6307 | Lair:1   | Noticed an elephant
  6308 | Lair:1   | 6308 ||| INVOKING Heroism.
  6311 | Lair:1   | Reached skill level 9 in Shields
  6319 | Lair:1   | Killed an elephant
  6320 | Lair:1   | 6320 ||| STAIRDANCE
  6322 | D:8      | 6322 ||| INVOKING Heroism.
  6325 | D:8      | Reached skill level 6 in Armour
  6327 | D:8      | Killed a black mamba
  6327 | D:8      | Reached ** piety under Okawaru
  6328 | D:8      | Reached skill level 3 in Invocations
  6328 | D:8      | Killed an elephant
  6368 | Lair:1   | 6368 ||| STAIRDANCE
  6370 | D:8      | 6370 ||| INVOKING Heroism.
  6378 | D:8      | Killed an elephant
  6379 | D:8      | Reached skill level 10 in Axes
  6395 | D:8      | Reached *** piety under Okawaru
  6400 | Lair:1   | 6400 ||| INVOKING Heroism.
  6402 | Lair:1   | Reached XP level 11. HP: 67/67 MP: 11/14
  6417 | Lair:1   | 6417 ||| STAIRDANCE
  6431 | Lair:1   | 6431 ||| Stepping ~*~*~tactically~*~*~ (stealth).
  6462 | Lair:1   | 6462 ||| INVOKING Heroism.
  6463 | Lair:1   | 6463 ||| Stepping ~*~*~tactically~*~*~ (stealth).
  6486 | Lair:1   | 6486 ||| INVOKING Heroism.
  6531 | Lair:1   | Reached **** piety under Okawaru
  6575 | Lair:1   | Identified the +2 robe of the Hidden Nights {rElec rPois
                  | rC+ Str-3}
  6614 | Lair:1   | 6614 ||| INVOKING Heroism.
  6619 | Lair:1   | Reached skill level 11 in Axes
  6644 | Lair:1   | 6644 ||| Stepping ~*~*~tactically~*~*~ (stealth).
  6646 | Lair:1   | 6646 ||| Stepping ~*~*~tactically~*~*~ (stealth).
  6647 | Lair:1   | 6647 ||| Stepping ~*~*~tactically~*~*~ (stealth).
  6648 | Lair:1   | 6648 ||| Stepping ~*~*~tactically~*~*~ (stealth).
  6650 | Lair:1   | 6650 ||| INVOKING Heroism.
  6773 | Lair:1   | 6773 ||| INVOKING Heroism.
  6881 | Lair:1   | 6881 ||| READING scroll of enchant weapon.
  6881 | Lair:1   | 6881 ||| ENCHANTING +3 war axe of electrocution.
  6901 | Lair:1   | 6901 ||| INVOKING Heroism.
  7001 | Lair:1   | 7001 ||| Stepping ~*~*~tactically~*~*~ (stealth).
  7002 | Lair:1   | 7002 ||| Stepping ~*~*~tactically~*~*~ (stealth).
  7004 | Lair:1   | 7004 ||| INVOKING Heroism.
  7011 | Lair:1   | Reached skill level 6 in Invocations
  7017 | Lair:1   | 7017 ||| Stepping ~*~*~tactically~*~*~ (stealth).
  7025 | Lair:1   | Received a gift from Okawaru
  7051 | Lair:1   | 7051 ||| INVOKING Heroism.
  7251 | Lair:1   | 7251 ||| UPGRADING to ring of see invisible.
  7253 | Lair:1   | 7253 ||| READING 5 scrolls of identify.
  7253 | Lair:1   | 7253 ||| IDENTIFYING puce potion
  7298 | Lair:2   | 7298 ||| Stepping ~*~*~tactically~*~*~ (stealth).
  7302 | Lair:2   | 7302 ||| INVOKING Heroism.
  7333 | Lair:2   | 7333 ||| Stepping ~*~*~tactically~*~*~ (stealth).
  7383 | Lair:2   | 7383 ||| FLEEEEING.
  7401 | Lair:2   | Reached ***** piety under Okawaru
  7403 | Lair:2   | Reached XP level 12. HP: 67/75 MP: 17/17
  7404 | Lair:2   | Received a gift from Okawaru
  7408 | Lair:2   | 7408 ||| INVOKING Heroism.
  7411 | Lair:2   | Reached skill level 9 in Fighting
  7421 | Lair:2   | Identified the +1 scale mail of Okawaru's Fury {rElec
                  | Str+2} (Okawaru gifted it to you on level 2 of the Lair of
                  | Beasts)
  7421 | Lair:2   | Received a gift from Okawaru
  7424 | Lair:2   | 7424 ||| FLEEEEING.
  7424 | Lair:2   | Noticed a dire elephant
  7425 | Lair:2   | 7425 ||| FLEEEEING.
  7426 | Lair:2   | 7426 ||| FLEEEEING.
  7428 | Lair:2   | 7428 ||| FLEEEEING.
  7429 | Lair:2   | 7429 ||| FLEEEEING.
  7430 | Lair:2   | 7430 ||| FLEEEEING.
  7431 | Lair:2   | 7431 ||| FLEEEEING.
  7433 | Lair:2   | 7433 ||| FLEEEEING.
  7434 | Lair:2   | 7434 ||| FLEEEEING.
  7435 | Lair:2   | 7435 ||| FLEEEEING.
  7436 | Lair:2   | 7436 ||| FLEEEEING.
  7437 | Lair:2   | 7437 ||| FLEEEEING.
  7438 | Lair:2   | 7438 ||| FLEEEEING.
  7439 | Lair:2   | 7439 ||| FLEEEEING.
  7440 | Lair:2   | 7440 ||| FLEEEEING.
  7441 | Lair:2   | 7441 ||| FLEEEEING.
  7443 | Lair:2   | 7443 ||| FLEEEEING.
  7444 | Lair:2   | 7444 ||| INVOKING Heroism.
  7458 | Lair:2   | Killed a dire elephant
  7459 | Lair:2   | Reached skill level 9 in Invocations
  7553 | Lair:2   | 7553 ||| Stepping ~*~*~tactically~*~*~ (stealth).
  7593 | Lair:2   | 7593 ||| Stepping ~*~*~tactically~*~*~ (stealth).
  7594 | Lair:2   | 7594 ||| Stepping ~*~*~tactically~*~*~ (stealth).
  7605 | Lair:2   | 7605 ||| INVOKING Heroism.
  7640 | Lair:2   | 7640 ||| READING scroll of enchant weapon.
  7640 | Lair:2   | 7640 ||| ENCHANTING +4 war axe of electrocution.
  7650 | Lair:2   | Noticed a skyshark
  7665 | Lair:2   | Killed a skyshark
  7764 | Lair:2   | Reached skill level 12 in Axes
  8204 | Lair:2   | 8204 ||| INVOKING Heroism.
  8215 | Lair:2   | Found a hole to the Spider Nest.
  8217 | Lair:2   | 8217 ||| Stepping ~*~*~tactically~*~*~ (stealth).
  8219 | Lair:2   | 8219 ||| INVOKING Heroism.
  8236 | Lair:2   | 8236 ||| Stepping ~*~*~tactically~*~*~ (stealth).
  8259 | Lair:2   | Noticed Gastronok
  8260 | Lair:2   | 8260 ||| INVOKING Heroism.
  8263 | Lair:2   | 8263 ||| Stepping ~*~*~tactically~*~*~ (hiding).
  8282 | Lair:2   | Killed Gastronok
  8282 | Lair:2   | Received a gift from Okawaru
  8282 | Lair:2   | Found the +3 warlock's mirror {omnireflect}
  8283 | Lair:2   | Reached XP level 13. HP: 34/80 MP: 20/20
  8448 | Lair:2   | 8448 ||| DROPPING ring of flight.
  8449 | Lair:2   | 8449 ||| READING 4 scrolls of identify.
  8449 | Lair:2   | 8449 ||| IDENTIFYING blue potion
  8450 | Lair:2   | 8450 ||| DROPPING potion of degeneration.
  8475 | Lair:3   | 8475 ||| STAIRDANCE
  8485 | Lair:3   | 8485 ||| Stepping ~*~*~tactically~*~*~ (stealth).
  8486 | Lair:3   | 8486 ||| Stepping ~*~*~tactically~*~*~ (stealth).
  8552 | Lair:3   | Found a frozen archway.
  8657 | Lair:3   | 8657 ||| INVOKING Heroism.
  8781 | Lair:3   | Found a staircase to the Swamp.
  8901 | Lair:3   | 8901 ||| INVOKING Heroism.
  8944 | Lair:3   | 8944 ||| INVOKING Heroism.
  9365 | Lair:3   | 9365 ||| READING 5 scrolls of identify.
  9365 | Lair:3   | 9365 ||| IDENTIFYING black potion
  9366 | Lair:3   | 9366 ||| DROPPING potion of ambrosia.
  9601 | Lair:4   | 9601 ||| Stepping ~*~*~tactically~*~*~ (stealth).
  9607 | Lair:4   | 9607 ||| Stepping ~*~*~tactically~*~*~ (stealth).
  9608 | Lair:4   | 9608 ||| INVOKING Heroism.
  9617 | Lair:4   | 9617 ||| Stepping ~*~*~tactically~*~*~ (stealth).
  9620 | Lair:4   | 9620 ||| Stepping ~*~*~tactically~*~*~ (stealth).
  9648 | Lair:4   | 9648 ||| Stepping ~*~*~tactically~*~*~ (water).
  9651 | Lair:4   | Reached skill level 13 in Axes
  9674 | Lair:4   | 9674 ||| INVOKING Heroism.
  9694 | Lair:4   | Found a viscous altar of Jiyva.
  9694 | Lair:4   | Found a staircase to the Slime Pits.
 10121 | Lair:4   | 10121 ||| INVOKING Heroism.
 10248 | Lair:4   | 10248 ||| READING scroll labelled PAATULEISCH.
 10249 | Lair:4   | 10249 ||| READING 2 scrolls labelled NILOHYDE ZUOLU.
 10250 | Lair:4   | 10250 ||| READING scroll of brand weapon.
 10250 | Lair:4   | 10250 ||| BRANDING +5 war axe of freezing.
 10260 | Lair:5   | Entered Level 5 of the Lair of Beasts
 10261 | Lair:5   | 10261 ||| INVOKING Heroism.
 10277 | Lair:5   | Reached skill level 9 in Armour
 10296 | Lair:5   | 10296 ||| INVOKING Heroism.
 10320 | Lair:5   | 10320 ||| Stepping ~*~*~tactically~*~*~ (stealth).
 10321 | Lair:5   | 10321 ||| Stepping ~*~*~tactically~*~*~ (stealth).
 10322 | Lair:5   | 10322 ||| Stepping ~*~*~tactically~*~*~ (stealth).
 10323 | Lair:5   | 10323 ||| Stepping ~*~*~tactically~*~*~ (stealth).
 10324 | Lair:5   | 10324 ||| Stepping ~*~*~tactically~*~*~ (stealth).
 10366 | Lair:5   | 10366 ||| Stepping ~*~*~tactically~*~*~ (stealth).
 10390 | Lair:5   | 10390 ||| INVOKING Heroism.
 10391 | Lair:5   | 10391 ||| SWAPPING to +2 flail of protection.
 10392 | Lair:5   | 10392 ||| INVOKING Finesse.
 10401 | Lair:5   | Received a gift from Okawaru
 10402 | Lair:5   | 10402 ||| SWAPPING to +5 war axe of draining.
 10452 | Lair:5   | 10452 ||| Stepping ~*~*~tactically~*~*~ (stealth).
 10454 | Lair:5   | 10454 ||| INVOKING Heroism.
 10517 | Lair:5   | 10517 ||| Stepping ~*~*~tactically~*~*~ (stealth).
 10518 | Lair:5   | 10518 ||| FLEEEEING.
 10519 | Lair:5   | 10519 ||| INVOKING Heroism.
 10522 | Lair:5   | 10522 ||| SWAPPING to +2 flail of protection.
 10542 | Lair:5   | HP: 20/82 [six-headed hydra (8)]
 10543 | Lair:5   | 10543 ||| READING 5 scrolls of teleportation.
 10544 | Lair:5   | 10544 ||| DRINKING potion of heal wounds.
 10545 | Lair:5   | 10545 ||| SWAPPING to +5 war axe of draining.
 10549 | Lair:5   | 10549 ||| SWAPPING to +2 flail of protection.
 10554 | Lair:5   | HP: 14/82 [eight-headed hydra (7)]
 10555 | Lair:5   | 10555 ||| READING 4 scrolls of teleportation.
 10555 | Lair:5   | HP: 6/82 [eight-headed hydra (8)]
 10559 | Lair:5   | 10559 ||| SWAPPING to +5 war axe of draining.
 10633 | Lair:5   | 10633 ||| Stepping ~*~*~tactically~*~*~ (stealth).
 10635 | Lair:5   | 10635 ||| INVOKING Heroism.
 10636 | Lair:5   | 10636 ||| SWAPPING to +2 flail of protection.
 10644 | Lair:5   | Reached skill level 14 in Axes
 10644 | Lair:5   | 10644 ||| SWAPPING to +5 war axe of draining.
 10720 | Lair:5   | 10720 ||| INVOKING Heroism.
 10726 | Lair:5   | 10726 ||| SWAPPING to +2 flail of protection.
 10740 | Lair:5   | 10740 ||| SWAPPING to +5 war axe of draining.
 10851 | Lair:5   | 10851 ||| Stepping ~*~*~tactically~*~*~ (stealth).
 10852 | Lair:5   | 10852 ||| INVOKING Heroism.
 10938 | Lair:5   | 10938 ||| INVOKING Heroism.
 10946 | Lair:5   | 10946 ||| SWAPPING to +2 flail of protection.
 10956 | Lair:5   | Gained mutation: Your large and strong wings let you fly.
                  | [Gargoyle growth]
 10956 | Lair:5   | Reached XP level 14. HP: 59/90 MP: 21/21
 10956 | Lair:5   | 10956 ||| SWAPPING to +5 war axe of draining.
 11022 | Lair:5   | 11022 ||| Stepping ~*~*~tactically~*~*~ (hiding).
 11023 | Lair:5   | 11023 ||| INVOKING Heroism.
 11069 | Lair:5   | 11069 ||| INVOKING Finesse.
 11070 | Lair:5   | 11070 ||| Stepping ~*~*~tactically~*~*~ (stealth).
 11071 | Lair:5   | 11071 ||| Stepping ~*~*~tactically~*~*~ (stealth).
 11089 | Lair:5   | 11089 ||| INVOKING Heroism.
 11094 | Lair:5   | Reached skill level 12 in Shields
 11132 | Lair:5   | 11132 ||| Stepping ~*~*~tactically~*~*~ (stealth).
 11136 | Lair:5   | 11136 ||| Stepping ~*~*~tactically~*~*~ (stealth).
 11138 | Lair:5   | 11138 ||| Stepping ~*~*~tactically~*~*~ (stealth).
 11139 | Lair:5   | 11139 ||| Stepping ~*~*~tactically~*~*~ (stealth).
 11140 | Lair:5   | 11140 ||| INVOKING Heroism.
 11230 | Lair:5   | 11230 ||| Stepping ~*~*~tactically~*~*~ (stealth).
 11231 | Lair:5   | 11231 ||| Stepping ~*~*~tactically~*~*~ (stealth).
 11232 | Lair:5   | 11232 ||| Stepping ~*~*~tactically~*~*~ (stealth).
 11237 | Lair:5   | 11237 ||| Stepping ~*~*~tactically~*~*~ (stealth).
 11239 | Lair:5   | 11239 ||| INVOKING Heroism.
 11286 | Lair:5   | 11286 ||| INVOKING Finesse.
 11293 | Lair:5   | 11293 ||| INVOKING Heroism.
 11358 | Lair:5   | 11358 ||| INVOKING Heroism.
 11379 | Lair:5   | Identified the amulet of Giece {Reflect Will+ Str+2 SH+5}
 11543 | Lair:5   | 11543 ||| INVOKING Heroism.
 11657 | Lair:5   | 11657 ||| Stepping ~*~*~tactically~*~*~ (stealth).
 11658 | Lair:5   | 11658 ||| INVOKING Heroism.
 11659 | Lair:5   | 11659 ||| SWAPPING to +2 flail of protection.
 11668 | Lair:5   | 11668 ||| SWAPPING to +5 war axe of draining.
 11670 | Lair:5   | Received a gift from Okawaru
 11754 | Lair:5   | 11754 ||| Stepping ~*~*~tactically~*~*~ (stealth).
 11768 | Lair:5   | Reached skill level 15 in Axes
 12009 | Lair:5   | 12009 ||| PLANNING D:1-11
 12009 | Lair:5   | 12009 ||| UPGRADING to +0 pair of gloves.
 12014 | Lair:5   | 12014 ||| UPGRADING to +2 pair of gloves.
 12024 | Lair:5   | 12024 ||| DROPPING +0 pair of gloves.
 12025 | Lair:5   | 12025 ||| UPGRADING to ring of protection from fire.
 12027 | Lair:5   | 12027 ||| READING 9 scrolls of identify.
 12027 | Lair:5   | 12027 ||| IDENTIFYING murky white potion
 12028 | Lair:5   | 12028 ||| DROPPING potion of berserk rage.
 12150 | D:9      | Found Muulieq's Distillery.
 12150 | D:9      | Found Westefyoq's Distillery.
 12150 | D:9      | Found Fubin Keg's Antique Weapon Shop.
 12152 | D:9      | 12152 ||| BUYING 2 potions of cancellation (272 gold).
 12152 | D:9      | Bought 2 potions of cancellation for 272 gold pieces
 12152 | D:9      | 12152 ||| BUYING potion of curing (51 gold).
 12152 | D:9      | Bought a potion of curing for 51 gold pieces
 12152 | D:9      | 12152 ||| BUYING potion of enlightenment (85 gold).
 12152 | D:9      | Bought a potion of enlightenment for 85 gold pieces
 12152 | D:9      | 12152 ||| BUYING potion of heal wounds (85 gold).
 12152 | D:9      | Bought a potion of heal wounds for 85 gold pieces
 12152 | D:9      | 12152 ||| BUYING potion of heal wounds (85 gold).
 12152 | D:9      | Bought a potion of heal wounds for 85 gold pieces
 12152 | D:9      | 12152 ||| BUYING potion of lignification (51 gold).
 12152 | D:9      | Bought a potion of lignification for 51 gold pieces
 12152 | D:9      | 12152 ||| BUYING potion of resistance (170 gold).
 12152 | D:9      | Bought a potion of resistance for 170 gold pieces
 12152 | D:9      | 12152 ||| Stepping randomly (stuck).
 12185 | D:9      | 12185 ||| Stepping ~*~*~tactically~*~*~ (stealth).
 12229 | D:9      | 12229 ||| Stepping ~*~*~tactically~*~*~ (hiding).
 12231 | D:9      | 12231 ||| Stepping ~*~*~tactically~*~*~ (hiding).
 12251 | D:9      | 12251 ||| Stepping ~*~*~tactically~*~*~ (stealth).
 12255 | D:9      | 12255 ||| FLEEEEING.
 12256 | D:9      | 12256 ||| FLEEEEING.
 12257 | D:9      | 12257 ||| FLEEEEING.
 12258 | D:9      | 12258 ||| FLEEEEING.
 12321 | D:9      | 12321 ||| BUYING potion of curing (48 gold).
 12321 | D:9      | Bought a potion of curing for 48 gold pieces
 12321 | D:9      | 12321 ||| BUYING potion of curing (48 gold).
 12321 | D:9      | Bought a potion of curing for 48 gold pieces
 12321 | D:9      | 12321 ||| SHOPLISTING potion of lignification (48 gold,
                  | have 35).
 12321 | D:9      | 12321 ||| SHOPLISTING potion of mutation (128 gold, have
                  | 35).
 12321 | D:9      | 12321 ||| SHOPLISTING potion of resistance (160 gold, have
                  | 35).
 12699 | D:9      | 12699 ||| Stepping ~*~*~tactically~*~*~ (stealth).
 12701 | D:9      | 12701 ||| Stepping ~*~*~tactically~*~*~ (hiding).
 12708 | D:9      | 12708 ||| Stepping ~*~*~tactically~*~*~ (hiding).
 12887 | D:10     | Entered Level 10 of the Dungeon
 12893 | D:10     | Found a transporter.
 12902 | D:10     | Found a transporter.
 12919 | D:10     | Found a bloodstained altar of Trog.
 13012 | D:10     | 13012 ||| DROPPING +0 hand axe.
 13013 | D:10     | 13013 ||| DROPPING +0 vampiric hand axe.
 13098 | D:10     | 13098 ||| READING 12 scrolls of identify.
 13098 | D:10     | 13098 ||| IDENTIFYING murky amethyst potion
 13466 | D:9      | 13466 ||| BUYING glowing morningstar (175 gold).
 13466 | D:9      | Bought a glowing morningstar for 175 gold pieces
 13466 | D:9      | 13466 ||| DROPPING +2 flail of protection.
 13467 | D:9      | 13467 ||| Stepping randomly (stuck).
 13619 | D:10     | Found a runed translucent door.
 13636 | D:10     | Found a runed translucent door.
 13644 | D:10     | 13644 ||| DRINKING 9 potions of curing.
 13644 | D:10     | 13644 ||| (to cure confusion)
 13651 | D:10     | Reached skill level 1 in Throwing
 13657 | D:10     | Found a runed translucent door.
 13670 | D:10     | Found a runed translucent door.
 13770 | D:10     | 13770 ||| READING scroll labelled IWEASU ANLYILY.
 13918 | D:11     | 13918 ||| READING scroll of enchant armour.
 13918 | D:11     | 13918 ||| ENCHANTING +0 plate armour.
 14199 | D:11     | Reached skill level 3 in Throwing
 14311 | D:11     | 14311 ||| READING scroll of enchant weapon.
 14311 | D:11     | 14311 ||| ENCHANTING +5 war axe of draining.
 14372 | D:11     | 14372 ||| INVOKING Heroism.
 14373 | D:11     | 14373 ||| INVOKING Finesse.
 14556 | D:11     | 14556 ||| PLANNING D
 14556 | D:11     | 14556 ||| UPGRADING to +0 cloak.
 14642 | D:12     | 14642 ||| Stepping ~*~*~tactically~*~*~ (hiding).
 14646 | D:12     | 14646 ||| Stepping ~*~*~tactically~*~*~ (hiding).
 14719 | D:12     | 14719 ||| DRINKING 8 potions of curing.
 14719 | D:12     | 14719 ||| (to cure confusion)
 14927 | D:12     | Received a gift from Okawaru
 14967 | D:12     | 14967 ||| DROPPING amulet of reflection.
 15004 | D:12     | Noticed a vampire knight
 15005 | D:12     | 15005 ||| DROPPING amulet of guardian spirit.
 15008 | D:12     | 15008 ||| INVOKING Heroism.
 15009 | D:12     | 15009 ||| SWAPPING to +1 morningstar of protection.
 15010 | D:12     | 15010 ||| INVOKING Finesse.
 15011 | D:12     | 15011 ||| Stepping ~*~*~tactically~*~*~ (outnumbered).
 15012 | D:12     | 15012 ||| SWAPPING to +6 war axe of draining.
 15017 | D:12     | 15017 ||| SWAPPING to +1 morningstar of protection.
 15024 | D:12     | 15024 ||| SWAPPING to +6 war axe of draining.
 15043 | D:12     | HP: 12/90 [vampire knight/+0 glaive (18)]
 15044 | D:12     | 15044 ||| READING 3 scrolls of teleportation.
 15045 | D:12     | 15045 ||| DRINKING 4 potions of heal wounds.
 15131 | D:12     | Killed a vampire knight
 15200 | D:12     | 15200 ||| INVOKING Heroism.
 15206 | D:12     | Reached XP level 15. HP: 81/95 MP: 19/22
 15472 | D:12     | Found a staircase to the Orcish Mines.
 15601 | D:12     | 15601 ||| DROPPING amulet of regeneration.
 15645 | D:13     | 15645 ||| STAIRDANCE
 15664 | D:13     | 15664 ||| READING scroll of enchant weapon.
 15664 | D:13     | 15664 ||| ENCHANTING +6 war axe of draining.
 15942 | D:13     | Identified the +0 pair of gloves "Wigisedd" {rElec}
                  | (Okawaru gifted it to you on level 13 of the Dungeon)
 15942 | D:13     | Received a gift from Okawaru
 15950 | D:13     | Reached skill level 12 in Fighting
 15995 | D:13     | 15995 ||| Stepping ~*~*~tactically~*~*~ (stealth).
 16007 | D:13     | 16007 ||| INVOKING Heroism.
 16037 | D:13     | 16037 ||| Stepping ~*~*~tactically~*~*~ (stealth).
 16039 | D:13     | 16039 ||| Stepping ~*~*~tactically~*~*~ (hiding).
 16041 | D:13     | 16041 ||| Stepping ~*~*~tactically~*~*~ (hiding).
 16225 | D:13     | 16225 ||| READING scroll of enchant weapon.
 16225 | D:13     | 16225 ||| ENCHANTING +7 war axe of draining.
 16229 | D:13     | Found a gate to the Vaults.
 16245 | D:13     | 16245 ||| INVOKING Heroism.
 16245 | D:13     | HP: 22/96 [vault guard/+0 great sword of flaming (3)]
 16246 | D:13     | 16246 ||| READING 2 scrolls of teleportation.
 16247 | D:13     | 16247 ||| DRINKING 3 potions of heal wounds.
 16379 | D:13     | 16379 ||| DROPPING +0 war axe.
 16389 | D:13     | 16389 ||| DROPPING +0 pair of gloves "Wigisedd" {rElec}.
 16458 | D:14     | 16458 ||| PLANNING GAUNTLET
 16532 | D:14     | Identified the +4 trident of False Accusations {freeze,
                  | rC++ rCorr}
 16535 | D:14     | 16535 ||| Stepping ~*~*~tactically~*~*~ (hiding).
 16563 | D:14     | 16563 ||| INVOKING Heroism.
 16564 | D:14     | 16564 ||| INVOKING Finesse.
 16567 | D:14     | 16567 ||| SWAPPING to +1 morningstar of protection.
 16574 | D:14     | 16574 ||| SWAPPING to +8 war axe of draining.
 16624 | D:14     | Found a gate leading to a gauntlet.
 16633 | Gauntlet | Entered a Gauntlet
 16633 | Gauntlet | Found a transporter.
 16633 | Gauntlet | Found a runed translucent door.
 16634 | Gauntlet | Found a runed translucent door.
 16640 | Gauntlet | Found a transporter.
 16642 | Gauntlet | Found a transporter.
 16655 | Gauntlet | Found a transporter.
 16669 | Gauntlet | Found a transporter.
 16686 | Gauntlet | Found a transporter.
 16697 | Gauntlet | Found a transporter.
 16704 | Gauntlet | Found a runed translucent door.
 16709 | Gauntlet | Found a transporter.
 16727 | Gauntlet | Found a transporter.
 16740 | Gauntlet | Found a runed translucent door.
 16741 | Gauntlet | Found a transporter.
 16741 | Gauntlet | Found a transporter.
 16743 | Gauntlet | Found a runed translucent door.
 16790 | Gauntlet | Found a transporter.
 16808 | Gauntlet | Found a transporter.
 16810 | Gauntlet | Found a transporter.
 16939 | Gauntlet | 16939 ||| DROPPING +2 helmet of see invisible.
 16958 | Gauntlet | Reached skill level 16 in Axes
 16966 | Gauntlet | Identified the ring "Arghyoh" {rElec MP+9 Str+2}
 16968 | Gauntlet | 16968 ||| DROPPING ring of positive energy.
 16999 | Gauntlet | Identified the +6 morningstar of Certain Death {spect,
                  | rPois SInv}
 17000 | Gauntlet | 17000 ||| INVOKING Heroism.
 17025 | Gauntlet | 17025 ||| DROPPING +1 morningstar of protection.
 17033 | Gauntlet | Identified the ring "Esod" {rF+ Will+}
 17119 | Gauntlet | 17119 ||| UPGRADING to ring "Esod" {rF+ Will+}.
 17140 | D:14     | 17140 ||| PLANNING D
 17326 | D:14     | 17326 ||| Stepping ~*~*~tactically~*~*~ (hiding).
 17327 | D:14     | 17327 ||| Stepping ~*~*~tactically~*~*~ (hiding).
 17329 | D:14     | 17329 ||| Stepping ~*~*~tactically~*~*~ (hiding).
 17384 | D:14     | 17384 ||| Stepping ~*~*~tactically~*~*~ (stealth).
 17386 | D:14     | 17386 ||| INVOKING Heroism.
 17437 | D:14     | 17437 ||| INVOKING Heroism.
 17448 | D:14     | 17448 ||| Stepping ~*~*~tactically~*~*~ (stealth).
 17748 | D:14     | 17748 ||| Stepping ~*~*~tactically~*~*~ (hiding).
 17750 | D:14     | Noticed Josephine
 17751 | D:14     | 17751 ||| Stepping ~*~*~tactically~*~*~ (stealth).
 17771 | D:14     | Killed Josephine
 18010 | D:14     | Reached skill level 12 in Armour
 18168 | D:14     | Found an iron altar of Okawaru.
 18279 | D:14     | 18279 ||| READING 16 scrolls of identify.
 18279 | D:14     | 18279 ||| IDENTIFYING murky brown potion
 18346 | D:15     | Entered Level 15 of the Dungeon
 18379 | D:15     | 18379 ||| Stepping ~*~*~tactically~*~*~ (hiding).
 18381 | D:15     | 18381 ||| Stepping ~*~*~tactically~*~*~ (hiding).
 18439 | D:15     | 18439 ||| Stepping ~*~*~tactically~*~*~ (hiding).
 18443 | D:15     | 18443 ||| INVOKING Heroism.
 18456 | D:15     | HP: 19/97 [ice dragon/blast of cold (40)]
 18457 | D:15     | 18457 ||| READING 3 scrolls of teleportation.
 18458 | D:15     | 18458 ||| DRINKING 2 potions of heal wounds.
 18631 | D:15     | 18631 ||| Stepping ~*~*~tactically~*~*~ (hiding).
 18706 | D:15     | 18706 ||| Stepping ~*~*~tactically~*~*~ (hiding).
 18724 | D:15     | Received a gift from Okawaru
 18769 | D:15     | Reached XP level 16. HP: 103/104 MP: 23/23
 18791 | D:15     | 18791 ||| Stepping ~*~*~tactically~*~*~ (hiding).
 19083 | D:15     | 19083 ||| INVOKING Heroism.
 19084 | D:15     | 19084 ||| INVOKING Finesse.
 19088 | D:15     | 19088 ||| SWAPPING to +6 morningstar of Certain Death
                  | {spect, rPois SInv}.
 19089 | D:15     | 19089 ||| REMOVING ring of see invisible.
 19092 | D:15     | 19092 ||| SWAPPING to +8 war axe of draining.
 19266 | D:15     | Found a portal to a secret trove of treasure.
 19308 | D:15     | 19308 ||| Stepping ~*~*~tactically~*~*~ (hiding).
 19346 | D:15     | Found a staircase to the Depths.
 19475 | D:15     | 19475 ||| INVOKING Heroism.
 19476 | D:15     | 19476 ||| SWAPPING to +6 morningstar of Certain Death
                  | {spect, rPois SInv}.
 19477 | D:15     | 19477 ||| INVOKING Finesse.
 19482 | D:15     | 19482 ||| SWAPPING to +8 war axe of draining.
 19544 | D:15     | 19544 ||| Stepping ~*~*~tactically~*~*~ (hiding).
 19553 | D:15     | 19553 ||| INVOKING Heroism.
 19740 | D:15     | 19740 ||| PLANNING ORC
 19740 | D:15     | 19740 ||| UPGRADING to ring of see invisible.
 19853 | Orc:1    | Entered Level 1 of the Orcish Mines
 19855 | Orc:1    | 19855 ||| FLEEEEING.
 19875 | Orc:1    | 19875 ||| Stepping ~*~*~tactically~*~*~ (hiding).
 19876 | Orc:1    | 19876 ||| Stepping ~*~*~tactically~*~*~ (hiding).
 19877 | Orc:1    | 19877 ||| Stepping ~*~*~tactically~*~*~ (hiding).
 19878 | Orc:1    | 19878 ||| Stepping ~*~*~tactically~*~*~ (hiding).
 19880 | Orc:1    | 19880 ||| Stepping ~*~*~tactically~*~*~ (hiding).
 19958 | Orc:1    | 19958 ||| INVOKING Heroism.
 20077 | Orc:2    | Entered Level 2 of the Orcish Mines
 20077 | Orc:2    | Found Dithrusau's Antique Armour Shoppe.
 20079 | Orc:2    | 20079 ||| BUYING pair of boots (99 gold).
 20079 | Orc:2    | Bought a pair of boots for 99 gold pieces
 20094 | Orc:2    | 20094 ||| UPGRADING to +0 pair of boots.
 20125 | Orc:1    | 20125 ||| INVOKING Heroism.
 20158 | Orc:1    | 20158 ||| Stepping ~*~*~tactically~*~*~ (hiding).
 20518 | Orc:2    | Found a staircase to the Elven Halls.
 20833 | Orc:2    | 20833 ||| Stepping ~*~*~tactically~*~*~ (stealth).
 20916 | Orc:2    | 20916 ||| INVOKING Heroism.
 20957 | Orc:2    | 20957 ||| Stepping ~*~*~tactically~*~*~ (hiding).
 20964 | Orc:2    | 20964 ||| Stepping ~*~*~tactically~*~*~ (hiding).
 20965 | Orc:2    | 20965 ||| Stepping ~*~*~tactically~*~*~ (hiding).
 20980 | Orc:2    | 20980 ||| INVOKING Heroism.
 21018 | Orc:2    | 21018 ||| Stepping ~*~*~tactically~*~*~ (hiding).
 21033 | Orc:2    | 21033 ||| Stepping ~*~*~tactically~*~*~ (stealth).
 21035 | Orc:2    | 21035 ||| Stepping ~*~*~tactically~*~*~ (hiding).
 21036 | Orc:2    | 21036 ||| Stepping ~*~*~tactically~*~*~ (hiding).
 21037 | Orc:2    | 21037 ||| Stepping ~*~*~tactically~*~*~ (hiding).
 21044 | Orc:2    | 21044 ||| Stepping ~*~*~tactically~*~*~ (stealth).
 21158 | Orc:2    | 21158 ||| INVOKING Heroism.
 21167 | Orc:2    | Gained mutation: You are clumsy. (Dex -2) [a neqoxec]
 21171 | Orc:2    | HP: 24/104 [orc knight/+0 battleaxe (6)]
 21171 | Orc:2    | HP: 2/104 [orc high priest/divine providence (15)]
 21172 | Orc:2    | 21172 ||| READING 2 scrolls of teleportation.
 21172 | Orc:2    | Slain by an orc warrior

Levels and vault maps discovered:
D:1:      dpeg_arrival_rooms_a, layout_basic, serial_shops, nicolae_shop_stone,
          hellmonk_ecumenical_altar_dog_temple
D:2:      layout_basic, basic_altar, hangedman_abyss_or_decor_stabs,
          grunt_decor_cap, minmay_misc_feat_rows, uniq_natasha, uniq_jessica
D:3:      layout_basic, nicolae_overflow_crystal_walls,
          mainiacjoe_overflow_surrounded_room
D:4:      layout_loops_ring, mainiacjoe_overflow_two_lobes,
          minmay_temple_entry_proselytizer, nicolae_stop_n_shop_1,
          minmay_misc_feat_tower, st_stairs_6
D:5:      minmay_evil_eye, layout_cave_pools, serial_shops, shop
D:6:      layout_loops_ring, serial_rivers, chequers_serial_rivers_room_b,
          chequers_serial_rivers_large_b, chequers_serial_rivers_small_b,
          chequers_serial_rivers_marsh, chequers_serial_rivers_small_3
D:7:      layout_basic, serial_curves, eino_curves_04, eino_curves_01
D:8:      gammafunk_boulding_lane, layout_rooms, grunt_gozag_statues,
          grunt_temple_overflow_cloverleaf, hellmonk_lair_entry_icy
D:9:      layout_roguey, serial_curves, eino_curves_01, eino_curves_02,
          nicolae_shop_distant_corner_stores
D:10:     layout_long_grid, gammafunk_ghost_wrathful_warriors,
          chequers_mini_garden, kennysheep_small_spiral,
          minmay_statue_crystal_thing
D:11:     layout_roguey, hellmonk_bongcloud_opening
D:12:     minmay_glassy_protrusions, layout_cave_pods, orc_0_dummy,
          serial_glass, glass_columns_a, glass_columns_a, glass_columns_c,
          glass_columns_a, glass_columns_a, small_statue_intersection
D:13:     layout_roguey, grunt_vaults_entry_tiered
D:14:     layout_stronghold, gauntlet_entry_generic,
          hellmonk_okawaru_the_only_friend_you_need, kennysheep_generic_room_13,
          uniq_josephine
D:15:     grunt_enter_depths_hoard, layout_stronghold, nicolae_titane,
          serial_co_window_serial, co_window_paths_b, co_window_corner_a,
          co_window_paths_a, co_window_paths_a, co_window_of_opportunity_a,
          co_window_of_opportunity_a, co_window_paths_b, co_window_corner_b,
          co_window_unsneaky_path_b, co_window_cross_3, co_window_corner_b,
          nicolae_trove_entry_crossroad, moated_statue
Temple:   nicolae_temple_ecumenical_triangle
Lair:1:   layout_regular_city, beast_lair_carwin_8, grunt_megastairs_2,
          infiniplex_staircase_pool_2, lemuel_fruit_fields, serial_bayou_shore_b
Lair:2:   mu_elephants_graveyard, layout_cave_pods,
          nicolae_spider_entry_non_spiders, uniq_gastronok
Lair:3:   layout_cave_pods, minmay_swamp_entry_swarm, portal_ice_cave_entry_imps
Lair:4:   layout_regular_city, nicolae_slime_entry_slimehenge,
          grunt_forest_small_clearing_treed, serial_bayou_shore_a,
          lemuel_fruit_fields
Lair:5:   evilmike_catoblepas_cave, layout_cave_pods, minmay_shattered_shrine,
          infiniplex_staircase_pool
Orc:1:    layout_caves
Orc:2:    st_orc_pillars, layout_caves, serial_shops, shop,
          nicolae_orc_lost_temple

Skill      XL: |  1  2  3  4  5  6  7  8  9 10 11 12 13 14 15 16 |
---------------+-------------------------------------------------+-----
Axes           | 2 3 4 5 6 7 8 10 11 12 14 15 16 | 16.0
Dodging        | 1 2 3 4 |  4.0
Fighting       | 4 5 6 7 8 9 11 13 | 13.0
Armour         | 5 6 7 8 9 11 12 13 | 13.0
Shields        | 7 9 10 11 12 13 | 13.1
Invocations    | 4 7 10 | 10.0
Throwing       | 4 5 |  5.9

Action                     |  1- 3 |  4- 6 |  7- 9 | 10-12 | 13-15 | 16-18 || total
---------------------------+-------+-------+-------+-------+-------+-------++-------
  Melee: War axe           |   110 |   138 |   252 |   356 |  1040 |   172 ||  2068
         Flail             |       |       |       |       |    73 |       ||    73
         Morningstar       |       |       |       |       |    11 |     6 ||    17
  Throw: Boomerang         |       |    33 |     2 |       |    91 |    19 ||   145
         Javelin           |       |       |       |       |    35 |    21 ||    56
 Invoke: Heroism           |       |       |       |    19 |    33 |     8 ||    60
         Finesse           |       |       |       |       |     6 |     2 ||     8
    Use: Scroll            |     4 |     7 |     8 |     5 |    18 |     1 ||    43
         Potion            |     1 |     2 |     2 |       |     6 |       ||    11
   Stab: Distracted        |       |       |       |       |     1 |       ||     1
 Armour: Scale mail        |    59 |    57 |    24 |       |       |       ||   140
         Leather armour    |       |       |    72 |       |       |       ||    72
         Plate armour      |       |       |    87 |   213 |   618 |    71 ||   989
  Dodge: Dodged            |    46 |    52 |   116 |   121 |   260 |    51 ||   646
  Block: Buckler           |    26 |    32 |    50 |       |       |       ||   108
         Kite shield       |       |       |    42 |   241 |   635 |    91 ||  1009

Table legend:
 A = Non-vault XP
 B = Vault XP
 C = Vault XP percentage of total XP
 D = Non-vault monster count
 E = Vault monster count
 F = Vault count percentage of total count
                 A         B        C        D         E       F
            +---------+---------+-------+---------+---------+-------
      Total |   83978 |   59207 |  41.4 |     460 |     212 |  31.5
            +---------+---------+-------+---------+---------+-------
        D:1 |      42 |       4 |   8.7 |      22 |       2 |   8.3
        D:2 |      77 |      72 |  48.3 |      14 |       2 |  12.5
        D:3 |     124 |       0 |   0.0 |      23 |       0 |   0.0
        D:4 |     193 |      41 |  17.5 |      22 |       1 |   4.3
        D:5 |     570 |     135 |  19.1 |      13 |       4 |  23.5
        D:6 |    1286 |       0 |   0.0 |      26 |       0 |   0.0
        D:7 |    1259 |       0 |   0.0 |      23 |       0 |   0.0
        D:8 |    2795 |    1619 |  36.7 |      17 |      11 |  39.3
        D:9 |     941 |       0 |   0.0 |      27 |       0 |   0.0
       D:10 |    2157 |       0 |   0.0 |      24 |       0 |   0.0
       D:11 |    5260 |       0 |   0.0 |       9 |       0 |   0.0
       D:12 |    6378 |    4131 |  39.3 |      18 |       5 |  21.7
       D:13 |    5663 |    7995 |  58.5 |      13 |      24 |  64.9
       D:14 |   12365 |    2943 |  19.2 |      21 |       6 |  22.2
       D:15 |    9694 |    1728 |  15.1 |      18 |       2 |  10.0
     Lair:1 |    4838 |    2910 |  37.6 |      22 |      14 |  38.9
     Lair:2 |    6106 |   10839 |  64.0 |      22 |      27 |  55.1
     Lair:3 |    2873 |     834 |  22.5 |      12 |      16 |  57.1
     Lair:4 |    4694 |     175 |   3.6 |      19 |       6 |  24.0
     Lair:5 |   13641 |   15212 |  52.7 |      45 |      30 |  40.0
      Orc:1 |    2119 |       0 |   0.0 |      29 |       0 |   0.0
      Orc:2 |     903 |    6095 |  87.1 |      21 |      50 |  70.4
   Gauntlet |       0 |    4474 | 100.0 |       0 |      12 | 100.0
            +---------+---------+-------+---------+---------+-------
